Map: Port Aleksander LE

Players

HateMe - Winner!

  • Race: Zerg Zerg
  • Spawn Location: 5:00

Zanster

  • Race: Zerg Zerg
  • Spawn Location: 11:00

Event: 2019 WCS Winter Europe

VOD

Have the link to the VOD?

Description

Time

  • Played on: Feb. 10, 2019, 11:55 a.m.
  • Length: 8:38

All games in this series

Show
View Real Time Build Order
Export as new Build Order

HateMe Zerg - Winner!

Build Orders: Hatch First 

Get SALT Encoding   

  12  0:00  Drone  
  13  0:12  Overlord  
  13  0:17  Drone  
  14  0:31  Drone x2  
  16  0:49  Hatchery  
  15  0:52  Drone  
  15  0:56  Drone  
  17  0:59  Drone  
  18  1:09  Extractor  
  17  1:15  Spawning Pool  
  17  1:18  Drone  
  17  1:21  Drone  
  18  1:28  Drone  
  19  1:39  Drone  
  20  1:49  Drone  
  21  2:00  Overlord  
  21  2:02  Queen x2  
  21  2:03  Zergling x2  
  26  2:11  Drone  
  26  2:12  Drone  
  28  2:22  Drone  
  29  2:23  Drone  
  30  2:36  Hatchery  
  29  2:40  Drone  
  29  2:41  Drone  
  31  2:47  Drone  
  31  2:49  Evolution Chamber  
  31  2:51  Drone  
  31  2:55  Overlord  
  32  2:59  Drone  
  32  3:03  Roach Warren  
  32  3:05  Drone  
  33  3:09  Zergling x2  
  33  3:10  Drone x2  
  35  3:14  Zerg Missile Weapons Level 1  
  35  3:20  Overlord  
  35  3:21  Drone  
  35  3:23  Drone  
  35  3:25  Drone  
  35  3:26  Drone  
  39  3:33  Drone  
  40  3:41  Overlord  
  40  3:43  Roach x3  
  40  3:46  Extractor  
  40  3:47  Extractor  
  44  3:50  Overlord  
  44  3:51  Roach  
  44  3:53  Roach  
  48  3:57  Roach  
  48  4:00  Roach  
  52  4:04  Roach x2  
  52  4:08  Roach  
  59  4:17  Roach  
  59  4:20  Roach  
  59  4:23  Roach  
  63  4:28  Roach  
  65  4:34  Roach x2  
  65  4:37  Roach  
  71  4:41  Roach  
  73  4:47  Overlord x2  
  69  5:03  Roach x5  
  69  5:10  Roach x4  
  71  5:16  Roach x2  
  75  5:22  Roach  
  75  5:23  Roach  
  79  5:34  Drone x5  
  84  5:41  Lair  
  84  5:42  Drone  
  85  5:48  Overlord  
  85  5:53  Zerg Ground Armor Level 1  
  85  5:54  Drone  
  86  5:57  Drone  
  86  5:59  Drone  
  86  6:04  Drone x2  
  89  6:08  Drone x3  
  93  6:12  Overlord  
  93  6:17  Overlord  
  93  6:20  Extractor, Drone  
  93  6:23  Roach x2  
  97  6:30  Overlord x2  
  97  6:33  Roach x2  
  97  6:37  Roach x2  
  97  6:39  Overseer  
  105  6:45  Nydus Network, Roach  
  106  6:50  Glial Reconstitution, Roach  
  108  6:57  Roach x2  
  112  7:02  Roach x2  
  113  7:10  Roach x4  
  115  7:22  Nydus Canal  
  115  7:24  Roach x3  
  115  7:29  Roach  
  123  7:32  Roach x2  
  123  7:34  Roach  
  123  7:36  Nydus Canal  
  129  7:42  Overlord x2  
  107  7:54  Roach x7  
  107  8:00  Roach x3  
  107  8:03  Roach  
  107  8:08  Roach x2  
  107  8:10  Roach  
  111  8:14  Roach  
  105  8:31  Nydus Canal  
Show
View Real Time Build Order
Export as new Build Order

Zanster Zerg 

Build Orders: Hatch First, Roach Nydus 

Get SALT Encoding   

  12  0:00  Drone  
  13  0:13  Overlord  
  13  0:17  Drone  
  14  0:31  Drone x2  
  16  0:49  Hatchery  
  15  0:52  Drone  
  15  0:56  Drone  
  17  1:10  Spawning Pool  
  16  1:13  Drone  
  16  1:15  Extractor  
  17  1:18  Drone  
  17  1:21  Drone  
  18  1:29  Drone  
  19  1:39  Drone  
  20  1:51  Overlord  
  20  1:57  Queen  
  20  2:00  Queen  
  24  2:04  Zergling x2, Drone  
  26  2:11  Drone x2  
  28  2:22  Drone  
  29  2:23  Drone  
  30  2:33  Drone x2  
  30  2:34  Evolution Chamber  
  30  2:35  Lair  
  31  2:41  Queen  
  33  2:44  Drone  
  34  2:54  Roach Warren  
  34  2:55  Extractor  
  34  2:57  Overlord  
  32  3:02  Drone  
  32  3:03  Drone  
  34  3:11  Drone x2  
  36  3:16  Drone  
  36  3:17  Drone  
  38  3:21  Drone  
  38  3:22  Drone  
  40  3:31  Queen  
  42  3:34  Overlord  
  42  3:40  Nydus Network  
  43  3:41  Roach  
  43  3:46  Overlord  
  43  3:52  Roach x3  
  49  3:56  Roach  
  49  4:00  Overlord  
  51  4:05  Roach x2  
  55  4:13  Roach x2  
  55  4:16  Nydus Canal  
  59  4:19  Roach  
  59  4:20  Roach  
  63  4:28  Overlord, Nydus Canal  
  63  4:33  Drone x2  
  63  4:35  Drone  
  66  4:47  Roach  
  66  4:48  Roach  
  66  4:51  Extractor  
  66  4:52  Roach  
  69  5:00  Zerg Missile Weapons Level 1  
  69  5:03  Queen  
  69  5:04  Drone x5  
  64  5:10  Overlord  
  64  5:14  Roach x2  
  62  5:24  Drone  
  62  5:25  Drone  
  64  5:30  Hatchery  
  64  5:32  Glial Reconstitution  
  63  5:43  Drone x4  
  63  5:46  Roach  
  71  5:50  Roach  
  71  5:53  Overseer  
  71  5:54  Overlord  
  71  5:55  Roach x2  
  75  6:02  Roach  
  75  6:03  Roach x2  
  81  6:07  Roach  
  81  6:09  Overlord  
  83  6:11  Overlord  
  83  6:16  Drone  
  84  6:21  Drone  
  84  6:22  Drone x5  
  84  6:24  Drone  
  91  6:26  Drone  
  92  6:33  Drone  
  92  6:36  Overlord  
  93  6:43  Nydus Canal  
  93  6:49  Overlord  
  93  6:51  Drone x2  
  93  6:52  Drone x2  
  93  6:53  Roach x4  
  105  6:54  Roach, Extractor  
  106  7:04  Roach x3  
  112  7:12  Roach x2  
  112  7:15  Roach  
  110  7:17  Roach  
  110  7:19  Roach  
  110  7:22  Drone x4  
  118  7:24  Drone  
  118  7:26  Roach x4, Extractor  
  126  7:32  Roach  
  126  7:34  Overlord  
  128  7:39  Roach  
  128  7:40  Overlord  
  129  7:48  Roach x5  
  119  7:53  Roach x3  
  119  7:56  Roach  
  113  7:59  Roach x2  
  113  8:03  Roach  
  113  8:04  Roach  
  103  8:07  Roach x2  
  103  8:12  Roach  
  95  8:14  Roach x2  
  95  8:15  Roach  
  95  8:18  Roach  
Tags
 
Add a new tag
Caveats
  • Supply blocks, unpowered buildings, or Contaminate may cause inaccurate times.
  • Supply counts are checked every 10 seconds.